 Dungeon Crawl Stone Soup version 0.31.0-12-g77e489cdc1 (webtiles) character file.

Game seed: 12172802578998586648

37 haggar2001 the Shooter (level 3, -6/27 HPs)
             Began as a Formicid Hunter on Feb 26, 2024.
             Succumbed to their own poison gas
             ... on level 2 of the Dungeon.
             The game lasted 00:07:08 (642 turns).

haggar2001 the Shooter (Formicid Hunter)             Turns: 642, Time: 00:07:09

Health: -6/27      AC:  3    Str: 15    XL:     3   Next: 60%
Magic:  3/3        EV: 12    Int:  8    God:
Gold:   29         SH:  0    Dex: 19    Spells: 2/2 levels left

rFire   . . .        a - +0 shortbow
rCold   . . .        (no shield)
rNeg    . . .        c - +0 leather armour
rPois   .            (helmet unavailable)
rElec   .            (no cloak)
rCorr   .            (no gloves)
SInv    +            (no boots)
Will    .....        (no amulet)
Stlth   ++           (no ring)
HPRegen 0.24/turn    (no ring)
MPRegen 0.08/turn

%: no passive effects
@: lethally poisoned (-6 -> -43)
A: permanent stasis, dig shafts and tunnels, antennae 3, four strong arms
a: Dig, Shaft Self


You were on level 2 of the Dungeon.
You visited 1 branch of the dungeon, and saw 2 of its levels.

You collected 29 gold pieces.

Inventory:

Hand Weapons
 a - a +0 shortbow (weapon)
 f - a +0 flail
 g - a +0 mace
Armour
 c - a +0 leather armour (worn)
 e - a +0 pair of boots
Scrolls
 b - a scroll of butterflies
 h - a scroll of identify {unknown}
Potions
 d - 2 potions of resistance {unknown}


   Skills:
 + Level 2.3 Fighting
 + Level 4.9 Ranged Weapons
 + Level 0.2 Armour
 + Level 2.0 Dodging
 + Level 1.2 Stealth


You had 2 spell levels left.
You didn't know any spells.
Your spell library was empty.

Dungeon Overview and Level Annotations

Branches:
Dungeon (2/15)

Altars:

Annotations:
D:1 1 exclusion


Innate Abilities, Weirdness & Mutations

You cannot be hasted, slowed, berserked, paralysed or teleported.
You can dig through walls and to a lower floor.
You have a pair of large antennae on your head. (SInv)
Your four strong arms can wield two-handed weapons with a shield.


Message History

The endoplasm misses you. The ball python barely misses you.
The ball python closely misses you. The endoplasm closely misses you.
The ball python attacks as it pursues you!
The ball python closely misses you. x2
The ball python attacks as it pursues you!
The ball python bites you but does no damage.
The ball python completely misses you.
You shoot an arrow. The arrow hits the endoplasm!
You kill the endoplasm!
The ball python closely misses you. The ball python grabs you.
The ball python constricts you.
The ball python bites you but does no damage.
The ball python constricts you.
You escape the ball python's grasp.
The ball python bites you but does no damage.
The ball python grabs you. The ball python constricts you.
The ball python closely misses you. The ball python constricts you.
You shoot an arrow.
The arrow barely misses the ball python.
The ball python bites you but does no damage.
The ball python constricts you.
You shoot an arrow. The arrow hits the ball python.
You kill the ball python!
Found a scroll labelled MADODIACAR.
i - a scroll labelled MADODIACAR The air fills with toxic fumes!
As you read the scroll labelled MADODIACAR, it crumbles to dust.
It was a scroll of poison.
Sorry, I don't know how to get there.
Sorry, I don't know how to get there.
Okay, then.
Okay, then.
Sorry, I don't know how to get there.
You are engulfed in poison gas.
You are poisoned.
You feel very sick.
You are engulfed in poison gas.
You are more poisoned.
* * * LOW HITPOINT WARNING * * *
You die...

****,* *,* #.#.##..#
,,,,,***,*** #.#..#..#
,,****,,,,,* #.##.#..#
,,* *,,,,,* #.......#
,,* *,,,,,* #.......#
,,* *,,,,,* #.##.##.#
*** *,,,,,* #§...#*.#
******* #§§####§#
#§@§.§§§#
**************##§######
,,,**~~~~~~~~~*#.#
*,,,,,,,,,,,,,,..#
*,,,*~~~~~~~~~####
*,,,***********
****,,,,,,,* *,,,,,,,*
*********


There were no monsters in sight!

Vanquished Creatures
  2 adders (D:2)
  2 ball pythons
  A bat (D:1)
  2 endoplasms (D:2)
  A giant cockroach (D:1)
  A goblin (D:2)
  A hobgoblin (D:1)
  A kobold (D:1)
  A quokka (D:2)
  5 frilled lizards
  3 rats
20 creatures vanquished.

Notes
Turn   | Place    | Note
-------+----------+-------------------------------------------
     0 | D:1      | haggar2001 the Formicid Hunter began the quest for the Orb.
     0 | D:1      | Reached XP level 1. HP: 16/16 MP: 1/1
   156 | D:1      | Reached XP level 2. HP: 22/22 MP: 2/2
   549 | D:2      | Reached XP level 3. HP: 12/27 MP: 3/3
   642 | D:2      | Succumbed to their own poison gas

Illustrated notes

Levels and vault maps discovered:
D:1:      elethiomel_arrival_quiet, layout_basic, nicolae_hexahallways,
          minivault_23, chequers_avenue, due_unseen_surprise
D:2:      layout_loops_cross, hellmonk_ecumenical_altar_pennies_from_heaven,
          amcnicky_mini_rare_corridor_liquid, kennysheep_generic_room_13

Skill      XL: |  1  2 |
---------------+-------+-----
Dodging        | 2 |  2.0
Fighting       | |  2.3
Ranged Weapons | |  4.9
Armour         | |  0.2
Stealth        | |  1.2

Action                     || total
---------------------------++-------
   Fire: Shortbow          ||    56
    Use: Scroll            ||     2
 Armour: Leather armour    ||    22
  Dodge: Dodged            ||    33
